 Dungeon Crawl Stone Soup version 0.30-a0-534-gdc55766716 (webtiles) character file.

Game seed: 2654258940665006097

12689 bobo the Thaumaturge (level 11, 0/66 HPs)
             Began as a Deep Elf Fire Elementalist on Dec 22, 2022.
             Was a High Priest of Vehumet.
             Slain by a two-headed ogre
             ... wielding a +0 great mace of flaming
              (6 damage)
             ... in a volcano on Dec 24, 2022.
             The game lasted 01:01:27 (12384 turns).

bobo the Thaumaturge (Deep Elf Fire Elementalist)  Turns: 12384, Time: 01:01:28

Health: 0/66       AC:  5    Str:  5    XL:     11   Next: 65%
Magic:  26/37      EV: 17    Int: 25    God:    Vehumet [*****.]
Gold:   201        SH: 11    Dex: 15    Spells: 3/33 levels left

rFire   . . .      SeeInvis .    E - +2 dagger (protect)
rCold   . . .      Faith    .    C - +3 buckler of the Poles {Regen+ MP+9}
rNeg    + . .      Spirit   .    a - +0 robe
rPois   +          Reflect  +    g - +0 helmet
rElec   .          Harm     .    s - +0 cloak {Stlth+}
rCorr   .          Rampage  .    i - +0 pair of gloves
Will    +....                    (no boots)
Stlth   +++                      f - amulet of reflection
HPRegen 1.11/turn                k - ring of poison resistance
MPRegen 0.25/turn                t - ring of positive energy

@: no status effects
A: no striking features
a: Renounce Religion


You were in a volcano.
You worshipped Vehumet.
Vehumet was extremely pleased with you.
You visited 2 branches of the dungeon, and saw 10 of its levels.
You also visited: Volcano.

You collected 931 gold pieces.
You spent 730 gold pieces at shops.

Inventory:

Hand Weapons
 E - a +2 dagger of protection (weapon)
Armour
 a - a +0 robe (worn)
 g - a +0 helmet (worn)
 i - a +0 pair of gloves (worn)
 p - the +4 ring mail of Disaster {Will+}
   (You found it on level 2 of the Dungeon)

   Will:      It increases your willpower.
 r - +0 acid dragon scales
 s - a +0 cloak of stealth (worn)
 C - the +3 buckler of the Poles (worn) {Regen+ MP+9}
   (You bought it in a shop on level 7 of the Dungeon)

   MP:        It affects your magic capacity (+9).
   Regen:     It increases your rate of health regeneration.
Jewellery
 f - an amulet of reflection (around neck)
 k - a ring of poison resistance (left hand)
 o - a ring of ice
 t - a ring of positive energy (right hand)
 w - an amulet of magic regeneration
 O - a ring of protection from fire
Wands
 N - a wand of iceblast (7)
Scrolls
 d - 3 scrolls of poison {unknown}
 e - 2 scrolls of blinking {unknown}
 h - 2 scrolls of silence {unknown}
 l - 5 scrolls of amnesia
 m - 3 scrolls of enchant weapon
 y - 4 scrolls of teleportation
 A - a scroll of noise {unknown}
 B - a scroll of enchant armour {unknown}
 D - a scroll of magic mapping
 J - 2 scrolls of vulnerability {unknown}
 K - 3 scrolls of immolation {unknown}
 M - 2 scrolls of identify
Potions
 b - 4 potions of haste
 c - 3 potions of brilliance
 j - 3 potions of degeneration {unknown}
 n - 6 potions of lignification
 q - 5 potions of cancellation
 u - 3 potions of mutation {unknown}
 v - 5 potions of curing
 x - 3 potions of might {unknown}
 z - 4 potions of flight
 F - 2 potions of berserk rage {unknown}
 G - a potion of attraction {unknown}
 H - a potion of resistance {unknown}
 I - a potion of magic
 L - a potion of heal wounds


   Skills:
 + Level 6.9 Fighting
 + Level 10.3 Dodging
 - Level 2.4 Stealth
 + Level 0.0 Shields
 + Level 11.9 Spellcasting
 - Level 6.0 Conjurations
 - Level 5.0 Hexes
 - Level 2.0 Translocations
 - Level 5.0 Transmutations
 - Level 6.0 Fire Magic
 + Level 2.0 Ice Magic
 - Level 6.1 Air Magic


You had 3 spell levels left.
You knew the following spells:

 Your Spells              Type           Power      Damage    Failure   Level
a - Foxfire               Conj/Fire      100%       2x1d9     1%          1
b - Scorch                Fire           90%        2d10      1%          2
d - Inner Flame           Hex/Fire       42%        N/A       1%          3
e - Swiftness             Air            45%        N/A       1%          3
f - Flame Wave            Conj/Fire      45%        2d12      1%          4
g - Freeze                Ice            100%       1d10      1%          1
h - Shock                 Conj/Air       100%       1d9       1%          1
i - Yara's Violent Unrav  Hex/Tmut       20%        3d9       5%          5
j - Airstrike             Air            22%        2d(4-20)  1%          4
k - Mephitic Cloud        Conj/Pois/Air  35%        N/A       1%          3
z - Ozocubu's Armour      Ice            25%        N/A       7%          3

Your spell library contained the following spells:

 Spells                   Type           Power      Damage    Failure   Level
 Beastly Appendage        Tmut           78%        N/A       1%          1
 Ensorcelled Hibernation  Hex/Ice        64%        N/A       1%          2
 Wereblood                Tmut           39%        N/A       1%          2
 Frozen Ramparts          Ice            50%        1d8       1%          3
 Hailstorm                Conj/Ice       35%        3d9       1%          3
 Kindle Blastsparks       Fire/Tloc/Air  76%        2d16      1%          3
 Apportation              Tloc           48%        N/A       2%          1
 Passwall                 Tmut/Erth      22%        N/A       3%          2
 Necrotise                Necr           56%        1d6       5%          1
 Summon Small Mammal      Summ           56%        N/A       5%          1
 Spider Form              Tmut/Pois      27%        N/A       6%          3
 Sublimation of Blood     Necr           14%        N/A       9%          2
 Lightning Bolt           Conj/Air       22%        1d38      3%          5
 Irradiate                Conj/Tmut      21%        3d18      4%          5
 Summon Lightning Spire   Summ/Air       30%        N/A       16%         4
 Petrify                  Tmut/Erth      27%        N/A       21%         4
 Enfeeble                 Hex            20%        N/A       99%         7
 Ozocubu's Refrigeration  Ice            12%        4d10      99%         7


Dungeon Overview and Level Annotations

Branches:
Dungeon (9/15)             Temple (0/1) D:6            Lair (1/5) D:9
Volcano (1/1)
    Orc: D:9-12

Altars:
Ashenzari
Elyvilon
Gozag
Kikubaaqudgha
Qazlal
Ru
Trog
Uskayaw
Vehumet
The Shining One

Shops:
D:7 *!**   D:8 *


Message History

The zap hits the two-headed ogre!
The two-headed ogre is lightly wounded.
Casting: Shock (safe; 1% risk of failure)
Confirm with . or Enter, or press ? or * to list all spells.
Okay, then.
Casting: Shock (safe; 1% risk of failure)
Confirm with . or Enter, or press ? or * to list all spells.
Aiming: Shock (safe; 1% risk of failure)
Press: ? - help, Shift-Dir - straight line, p - two-headed ogre The zap hits the two-headed ogre but does no damage.
The two-headed ogre is lightly wounded.
The zap hits the two-headed ogre.
The two-headed ogre is lightly wounded.
Casting: Shock (safe; 1% risk of failure)
Confirm with . or Enter, or press ? or * to list all spells.
Flames lash the two-headed ogre.
The two-headed ogre is moderately wounded.
The two-headed ogre's fire resistance burns away.
The two-headed ogre hits you with a +0 great mace of flaming!!
The two-headed ogre burns you! You block the two-headed ogre's attack.
Casting: Scorch (safe; 1% risk of failure)
Confirm with . or Enter, or press ? or * to list all spells.
Flames lash the two-headed ogre.
The two-headed ogre is burned terribly!
The two-headed ogre is heavily wounded.
Casting: Scorch (safe; 1% risk of failure)
Confirm with . or Enter, or press ? or * to list all spells.
Flames lash the two-headed ogre.
The two-headed ogre is burned terribly!
The two-headed ogre is severely wounded.
You block the two-headed ogre's attack.
The two-headed ogre hits you with a +0 great mace of flaming!
The two-headed ogre burns you.
* * * LOW HITPOINT WARNING * * *
Casting: Scorch (safe; 1% risk of failure)
Confirm with . or Enter, or press ? or * to list all spells.
Flames lash the two-headed ogre.
The two-headed ogre is burned terribly!
The two-headed ogre is severely wounded.
The two-headed ogre hits you with a +0 great mace of flaming!
* * * LOW HITPOINT WARNING * * *
The two-headed ogre burns you.
You die...

### ##.#.......
###..§§≈≈≈≈
##....§§§≈≈≈ §
#....≈≈§≈≈§≈ §≈
##....§§≈≈§ ≈§≈
#...§§§§§≈≈≈ ≈..≈
##..§.§§§≈≈≈ .§..∩
###......§≈≈≈≈
#.....##@.###.....§..
#.O### ###..## ####
.## #


You could see a two-headed ogre (combustible).

Vanquished Creatures
  A centaur warrior (D:9)
  A boulder beetle (D:9)
  The ghost of greenreed the Geomancer, a novice GrEE (D:8)
  A deep elf pyromancer (D:9)
  Pikel (D:6)
  Joseph (D:9)
  An unseen horror (D:8)
  Sigmund (D:6)
  A wraith (D:9)
  4 wyverns (D:9)
  A shadow (D:9)
  19 yaks (D:9)
  A basilisk (D:9)
  3 steam dragons
  Menkaure (D:6)
  2 acid dragons (D:9)
  An orc warrior (D:8)
  3 ice beasts
  2 sky beasts
  4 black bears
  A sky beast (shapeshifter) (D:9)
  4 ogres
  2 centaurs (D:9)
  3 lemures (D:6)
  2 phantoms
  4 kobold brigands
  Blork the orc (D:6)
  4 bullfrogs
  2 gnoll sergeants (D:8)
  A necrophage (D:6)
  2 scorpions
  4 wights (D:7)
  9 killer bees (D:9)
  6 howler monkeys
  6 jellies
  9 hounds
  Crazy Yiuf (D:2)
  5 gnoll boudas
  2 orc priests
  3 iguanas
  12 orc wizards
  33 gnolls
  6 adders
  3 white imps
  A worm (D:2)
  2 dart slugs (D:2)
  37 orcs
  5 endoplasms
  4 giant cockroaches
  8 goblins
  14 hobgoblins
  8 jackals
  55 kobolds
  7 ball pythons
  2 bats
  A frilled lizard (D:2)
  4 rats
323 creatures vanquished.

Vanquished Creatures (collateral kills)
  A foxfire (D:9)
1 creature vanquished.

Vanquished Creatures (others)
  A shadow (D:9)
  A centaur (D:9)
  845 foxfires
  2 fungi (D:9)
  2 plants (D:6)
851 creatures vanquished.

Grand Total: 1175 creatures vanquished

Notes
Turn   | Place    | Note
-------+----------+-------------------------------------------
     0 | D:1      | bobo the Deep Elf Fire Elementalist began the quest for the
                  | Orb.
     0 | D:1      | Reached XP level 1. HP: 10/10 MP: 6/6
    94 | D:1      | Reached XP level 2. HP: 6/15 MP: 5/8
    97 | D:1      | Learned a level 2 spell: Scorch
   353 | D:1      | Found a faded altar of an unknown god.
   853 | D:2      | Found a stormy altar of Qazlal.
   899 | D:2      | Reached XP level 3. HP: 19/19 MP: 3/10
   903 | D:2      | Learned a level 3 spell: Kindle Blastsparks
  1293 | D:2      | Identified the +4 ring mail of Disaster {Will+}
  1357 | D:2      | Reached skill level 4 in Spellcasting
  1745 | D:2      | Found a runed translucent door.
  1746 | D:2      | Noticed Crazy Yiuf
  1757 | D:2      | Killed Crazy Yiuf
  1758 | D:2      | Reached XP level 4. HP: 7/24 MP: 3/12
  1877 | D:2      | Learned a level 3 spell: Inner Flame
  1977 | D:3      | Noticed a phantom
  1981 | D:3      | Killed a phantom
  1982 | D:3      | Reached skill level 1 in Translocations
  1982 | D:3      | Reached skill level 1 in Air Magic
  1982 | D:3      | Reached XP level 5. HP: 28/28 MP: 8/13
  2030 | D:3      | Found a sacrificial altar of Ru.
  2030 | D:3      | Found an ancient bone altar of Kikubaaqudgha.
  2031 | D:3      | Found a broken altar of Ashenzari.
  2626 | D:3      | Found a stormy altar of Qazlal.
  2807 | D:4      | Reached skill level 5 in Spellcasting
  2807 | D:4      | Reached skill level 1 in Hexes
  2807 | D:4      | Reached XP level 6. HP: 32/32 MP: 4/15
  3092 | D:4      | Learned a level 3 spell: Swiftness
  3203 | D:4      | Learned a level 4 spell: Flame Wave
  3616 | D:4      | Reached XP level 7. HP: 36/36 MP: 13/17
  3948 | D:4      | Reached skill level 6 in Spellcasting
  4384 | D:4      | Found a radiant altar of Vehumet.
  4387 | D:4      | Became a worshipper of Vehumet
  4711 | D:5      | Entered Level 5 of the Dungeon
  4724 | D:5      | Reached skill level 7 in Spellcasting
  4724 | D:5      | Reached skill level 5 in Conjurations
  4724 | D:5      | Reached skill level 5 in Fire Magic
  4857 | D:4      | Upgraded the game from 0.30-a0-509-gd016549fea to
                  | 0.30-a0-534-gdc55766716
  4875 | D:5      | Reached XP level 8. HP: 41/41 MP: 16/21
  5337 | D:5      | Learned a level 1 spell: Freeze
  5843 | D:5      | Reached skill level 8 in Spellcasting
  5919 | D:5      | Reached * piety under Vehumet
  5919 | D:5      | Offered knowledge of Shock by Vehumet.
  5925 | D:5      | Learned a level 1 spell: Shock
  6070 | D:6      | Reached skill level 1 in Fighting
  6122 | D:6      | Found a glowing golden altar of the Shining One.
  6374 | D:6      | Noticed Menkaure
  6376 | D:6      | Killed Menkaure
  6381 | D:6      | Noticed Pikel
  6579 | D:6      | Noticed Sigmund
  6584 | D:6      | Killed Sigmund
  6670 | D:6      | Reached skill level 5 in Dodging
  6673 | D:6      | Reached XP level 9. HP: 49/49 MP: 16/23
  6680 | D:6      | Learned a level 5 spell: Yara's Violent Unravelling
  6762 | D:6      | Noticed Blork the orc
  6770 | D:6      | Killed Blork the orc
  6771 | D:6      | Reached skill level 1 in Transmutations
  6815 | D:6      | Found a staircase to the Ecumenical Temple.
  6941 | D:6      | Offered knowledge of Sandblast by Vehumet.
  6956 | D:6      | Killed Pikel
  7242 | D:7      | Reached ** piety under Vehumet
  7258 | D:7      | Reached skill level 5 in Hexes
  7277 | D:7      | Found Juimabbi's Assorted Antiques.
  7281 | D:7      | Bought 2 scrolls of identify for 108 gold pieces
  7303 | D:7      | Bought a scroll labelled KIGUUZI MEMNOILI for 27 gold
                  | pieces
  7313 | D:7      | Found Qikiywk's General Store.
  7383 | D:7      | Found a white marble altar of Elyvilon.
  7486 | D:7      | Found Fuc Rafo's General Store.
  7707 | D:7      | Found Lecuip's Distillery.
  7719 | D:7      | Bought a potion of curing for 36 gold pieces
  7719 | D:7      | Bought a potion of heal wounds for 60 gold pieces
  7772 | D:7      | Found an opulent altar of Gozag.
  8075 | D:7      | Found a hide-covered altar of Uskayaw.
  8076 | D:7      | Found a bloodstained altar of Trog.
  8495 | D:8      | Found a runed translucent gate.
  8495 | D:8      | Found a runed translucent gate.
  8495 | D:8      | Found a runed translucent gate.
  8497 | D:8      | Found an opulent altar of Gozag.
  8528 | D:8      | Found Gagolabuyrch's Assorted Antiques.
  8593 | D:8      | Noticed greenreed's ghost (novice GrEE)
  8740 | D:8      | Offered knowledge of Poisonous Vapours by Vehumet.
  8744 | D:8      | Reached skill level 9 in Spellcasting
  8744 | D:8      | Reached XP level 10. HP: 45/58 MP: 17/25
  9005 | D:8      | Reached *** piety under Vehumet
  9346 | D:9      | Noticed Joseph
  9350 | D:9      | Offered knowledge of Airstrike by Vehumet.
  9351 | D:9      | Reached skill level 5 in Transmutations
  9358 | D:8      | Learned a level 4 spell: Airstrike
  9618 | D:9      | Reached skill level 5 in Fighting
 10023 | D:9      | Reached skill level 10 in Spellcasting
 10136 | D:9      | Reached **** piety under Vehumet
 10274 | D:9      | Killed Joseph
 10334 | D:7      | Bought the +3 buckler of the Poles {Regen+ MP+9} for 499
                  | gold pieces
 10569 | D:6      | Offered knowledge of Mephitic Cloud by Vehumet.
 10574 | D:6      | Learned a level 3 spell: Mephitic Cloud
 10776 | D:8      | Reached skill level 5 in Air Magic
 10776 | D:8      | Reached XP level 11. HP: 43/64 MP: 26/27
 10782 | D:8      | Killed greenreed's ghost
 11092 | D:9      | Reached skill level 11 in Spellcasting
 11164 | D:9      | Found a staircase to the Lair.
 11831 | D:9      | Noticed a centaur warrior
 11838 | D:9      | Killed a centaur warrior
 11862 | D:9      | Reached skill level 10 in Dodging
 11866 | D:9      | Learned a level 3 spell: Ozocubu's Armour
 11943 | D:9      | Noticed a deep elf pyromancer
 11966 | D:9      | Killed a deep elf pyromancer
 11967 | D:9      | Reached skill level 1 in Ice Magic
 12066 | D:9      | Noticed a boulder beetle
 12068 | D:9      | Reached ***** piety under Vehumet
 12072 | D:9      | Noticed a red ugly thing
 12076 | D:9      | Killed a boulder beetle
 12324 | Lair:1   | Entered Level 1 of the Lair of Beasts
 12341 | Lair:1   | Found a dark tunnel.
 12354 | Volcano  | Entered a volcano
 12376 | Volcano  | Noticed a two-headed ogre
 12384 | Volcano  | Slain by a two-headed ogre

Illustrated notes

Levels and vault maps discovered:
D:1:      minmay_arrival_solitary_statue, layout_rooms,
          nicolae_ecumenical_lake_church
D:2:      layout_rooms, basic_altar, uniq_crazy_yiuf_cottage
D:3:      layout_rooms, nicolae_qazlal_eye_of_the_storm,
          gammafunk_temple_overflow_forgotten
D:4:      minmay_goblin_kobold_castle, layout_loops_cross, marbit_many_paths
D:5:      nicolae_BIG_FREAKIN_CUBE, layout_gridville
D:6:      corexii_shantytown, layout_basic, nicolae_overflow_hidden_temple,
          minmay_temple_entry_grid, uniq_blork_the_orc, uniq_pikel,
          uniq_menkaure, uniq_sigmund
D:7:      layout_loops_ring, elyvilon_altar_3, mainiacjoe_overflow_boulevard,
          minitemple, serial_shops, shop_coins, kennysheep_little_box, shop,
          shop, kennysheep_small_circle
D:8:      layout_cave_pools, ebering_ghost_gozag, serial_gnoll_camp,
          gnoll_camp_mini_basic, gnoll_camp_mini_hut, gnoll_camp_huts_basic,
          gnoll_camp_mini_shop, chequers_serial_rivers_marsh
D:9:      minmay_the_grid_square_5x5_4x4 [minmay_the_grid_square_5x5_slash,
          minmay_the_grid_square_5x5_c, minmay_the_grid_square_5x5_three_small,
          minmay_the_grid_square_5x5_inner_i,
          minmay_the_grid_square_5x5_eight_small,
          minmay_the_grid_square_5x5_prize_rear_guard,
          minmay_the_grid_square_5x5_prize_monsterx,
          minmay_the_grid_square_5x5_six_small,
          minmay_the_grid_square_5x5_gyroscope,
          minmay_the_grid_square_5x5_prize_pseudospiral,
          minmay_the_grid_square_5x5_prize_snowflake,
          minmay_the_grid_square_5x5_detours,
          minmay_the_grid_square_5x5_half_checkered,
          minmay_the_grid_square_5x5_plus, minmay_the_grid_square_5x5_inner_v,
          minmay_the_grid_square_5x5_two_walls_b], layout_long_grid,
          david_lair_generic, uniq_joseph
Lair:1:   layout_cave_pods, enter_volcano_2, grunt_megastairs_5,
          serial_bayou_shore_b
Volcano:  volcano_pools

Skill      XL: |  1  2  3  4  5  6  7  8  9 10 11 |
---------------+----------------------------------+-----
Conjurations   | 2 3 4 5 6 |  6.0
Fire Magic     | 4 5 6 |  6.0
Spellcasting   | 4 5 7 8 9 10 11 | 11.9
Translocations | 1 2 |  2.0
Air Magic      | 1 2 3 5 6 |  6.1
Hexes          | 1 2 3 5 |  5.0
Dodging        | 5 7 9 10 | 10.3
Fighting       | 2 4 6 |  6.9
Transmutations | 4 5 |  5.0
Ice Magic      | 2 |  2.0
Stealth        | |  2.4

Action                   |  1- 3 |  4- 6 |  7- 9 | 10-12 || total
-------------------------+-------+-------+-------+-------++-------
Melee: Dagger            |     2 |       |       |       ||     2
       Quarterstaff      |       |     3 |     5 |       ||     8
 Cast: Foxfire           |    76 |    79 |   235 |   105 ||   495
       Scorch            |    16 |    18 |    59 |    89 ||   182
       Inner Flame       |       |     2 |     4 |    14 ||    20
       Swiftness         |       |     2 |     1 |     1 ||     4
       Kindle Blastspark |       |       |     4 |     1 ||     5
       Flame Wave        |       |       |     2 |     9 ||    11
       Shock             |       |       |     5 |    11 ||    16
       Airstrike         |       |       |       |    14 ||    14
       Mephitic Cloud    |       |       |       |     3 ||     3
       Yara's Violent Un |       |       |       |     7 ||     7
       Ozocubu's Armour  |       |       |       |     3 ||     3
       Freeze            |       |       |       |     2 ||     2
  Use: Potion            |     1 |       |       |       ||     1
       Scroll            |       |     2 |     7 |     4 ||    13
Armor: Robe              |     1 |     2 |       |     4 ||     7
Dodge: Dodged            |     8 |    10 |     9 |    26 ||    53
Block: Other             |     1 |     6 |     8 |       ||    15
       Reflection        |       |     1 |     3 |     8 ||    12
       Buckler           |       |       |       |    28 ||    28

Table legend: (Time is in decaauts)
 A = Elapsed time spent in this place.
 B = Non-inter-level travel time spent in this place.
 C = Inter-level travel time spent in this place.
 D = Time resting spent in this place.
 E = Time spent auto-exploring this place.
 F = Levels seen in this place.
 G = Mean time per level.
                   A        B        C        D        E       F      G
               +--------+--------+--------+--------+--------+-----+--------+
         Total |  12393 |  11678 |    715 |   1617 |   7180 |  11 | 1126.6 |
       Dungeon |  12334 |  11619 |    715 |   1617 |   7180 |   9 | 1370.4 |
          Lair |     29 |     29 |      0 |      0 |      0 |   1 |   29.0 |
       Volcano |     29 |     29 |      0 |      0 |      0 |   1 |   29.0 |
               +--------+--------+--------+--------+--------+-----+--------+

Top non-repeatable levels by time:
     D:9: 2293 daAuts
     D:4: 2096 daAuts
     D:8: 1470 daAuts
     D:6: 1327 daAuts
     D:2: 1254 daAuts
     D:5: 1247 daAuts
     D:7: 1060 daAuts
     D:3: 815 daAuts
     D:1: 768 daAuts
 Volcano: 29 daAuts
  Lair:1: 29 daAuts
